 Dungeon Crawl Stone Soup version 0.28-a0-1435-g82390b3a13 (webtiles) character file.

Game seed: 14721399526282464994

800 voltaire321 the Sneak (level 8, -9/46 HPs)
             Began as a Kobold Enchanter on Jan 10, 2022.
             Was a Follower of Dithmenos.
             Mangled by a shadow (25 damage)
             ... on level 5 of the Dungeon.
             The game lasted 00:17:00 (5845 turns).

voltaire321 the Sneak (Kobold Enchanter)            Turns: 5845, Time: 00:17:00

Health: -9/46      AC:  6    Str:  8    XL:     8   Next: 13%
Magic:  13/13      EV: 15    Int: 16    God:    Dithmenos [*.....]
Gold:   217        SH:  0    Dex: 15    Spells: 9/14 levels left

rFire   . . .      SeeInvis .   a - +1 dagger
rCold   + + .      Faith    .   (no shield)
rNeg    . . .      Spirit   .   b - +2 leather armour {rC+}
rPois   .          Reflect  .   (no helmet)
rElec   .          Harm     .   (no cloak)
rCorr   .          Rampage  .   o - +0 pair of gloves
Will    .....                   (no boots)
Stlth   ++++......              (no amulet)
HPRegen 0.15/turn               p - +4 ring of slaying
MPRegen 0.13/turn               k - ring of protection from cold

@: wreathed by umbra, invisible
A: small, no large weapons, nightstalker 3
a: Renounce Religion


You were on level 5 of the Dungeon.
You worshipped Dithmenos.
Dithmenos was aware of your devotion.
You visited 2 branches of the dungeon, and saw 6 of its levels.

You collected 217 gold pieces.

Inventory:

Hand Weapons
 a - a +1 dagger (weapon)
Armour
 b - a +2 leather armour of cold resistance (worn)
 l - a +2 robe of willpower
 o - a +0 pair of gloves (worn)
Jewellery
 h - a +6 ring of strength
 k - a ring of protection from cold (right hand)
 p - a +4 ring of slaying (left hand)
 q - an amulet of magic regeneration
Scrolls
 f - a scroll of enchant armour {unknown}
 i - a scroll of enchant weapon {unknown}
 j - a scroll of fog
Potions
 d - 3 potions of might
 e - a potion of curing
 g - a potion of lignification
 m - a potion of cancellation
 n - a potion of mutation


   Skills:
 + Level 3.0 Fighting
 + Level 4.1 Short Blades
 + Level 0.5 Armour
 + Level 4.3 Dodging
 + Level 5.9 Stealth
 + Level 3.6 Spellcasting
 + Level 4.2 Hexes
 + Level 2.7 Ice Magic
 + Level 2.3 Invocations


You had 9 spell levels left.
You knew the following spells:

 Your Spells              Type           Power      Damage    Failure   Level
a - Ensorcelled Hibernat  Hex/Ice        28%        N/A       9%          2
b - Tukima's Dance        Hex            16%        N/A       13%         3

Your spell library contained the following spells:

 Spells                   Type           Power      Damage    Failure   Level
 Confusing Touch          Hex            16%        N/A       13%         3
 Ozocubu's Armour         Ice            11%        N/A       24%         3
 Dazzling Flash           Conj/Hex       18%        N/A       30%         3
 Passwall                 Tmut/Erth      1%         N/A       36%         2
 Swiftness                Air            2%         N/A       58%         3
 Metabolic Englaciation   Hex/Ice        7%         N/A       86%         5
 Summon Mana Viper        Hex/Summ       9%         N/A       96%         5
 Summon Forest            Summ/Tloc      1%         N/A       100%        5
 Simulacrum               Ice/Necr       3%         N/A       100%        6
 Summon Cactus Giant      Summ           1%         N/A       100%        6


Dungeon Overview and Level Annotations

Branches:
Dungeon (5/15)             Temple (1/1) D:4

Altars:
Ashenzari
Cheibriados
Dithmenos
Elyvilon
Gozag
Hepliaklqana
Kikubaaqudgha
Makhleb
Nemelex Xobeh
Okawaru
Qazlal
Ru
Sif Muna
Trog
Uskayaw
Vehumet
Wu Jian
Xom
Yredelemnul
Zin
The Shining One


Innate Abilities, Weirdness & Mutations

You are small and have problems with some larger weapons.
You are completely attuned to the shadows.


Message History

A shadow comes into view.
Found a leather armour.
You hit the shadow.
The shadow is lightly damaged.
You closely miss the shadow.
The shadow is lightly damaged.
The shadow hits you.
You hit the shadow but do no damage.
The shadow is lightly damaged.
The shadow slips into darkness.
The shadow flickers and vanishes!
Deactivating autopickup; reactivate with Ctrl-A.
You hit something but do no damage.
The shadow strikes at you from the darkness!
Reactivating autopickup.
Casting: Ensorcelled Hibernation (safe; 9% risk of failure)
Confirm with . or Enter, or press ? or * to list all spells.
You can't see any susceptible monsters within range! (Use Z to cast anyway.)
The shadow slips into darkness.
The shadow flickers and vanishes!
Deactivating autopickup; reactivate with Ctrl-A.
The shadow strikes at you from the darkness!
* * * LOW HITPOINT WARNING * * *
Reactivating autopickup.
Okay, then.
You fade into invisibility!
The shadow closely misses you.
The shadow slips into darkness.
The shadow flickers and vanishes!
Deactivating autopickup; reactivate with Ctrl-A.
The shadow strikes at you from the darkness!
Reactivating autopickup.
You see here a sky beast corpse.
The shadow slips into darkness.
The shadow flickers and vanishes!
Deactivating autopickup; reactivate with Ctrl-A.
There is a stone staircase leading up here.
The shadow strikes at you from the darkness!
Ouch! That really hurt!
You die...

......#.#.......#####...#.##..# #
......#.#..................#..# #
............#......####.#..#..###
......#.....#.####.####.#........
##.#........#.#..................
#..........#.#########.##.#.####
###.#####..............†........
#...........##......#####.#.####
#.#.#####......@..........#.#...
#.#.......#.................#.##
# ########.......#..#.#.#.......
..........#.#.....#.##
.....>....#.#...#.#.##
#.#...#.#.## #.....####
#......... ..#.######.


There were no monsters in sight!

Vanquished Creatures
  Sigmund (D:4)
  A sky beast (D:5)
  An ogre (D:4)
  2 phantoms (D:4)
  A bullfrog zombie (D:5)
  2 hounds
  An iguana (D:5)
  3 gnolls (D:3)
  A howler monkey skeleton (D:4)
  10 adders
  2 worms
  3 dart slugs
  3 orcs
  A ball python (D:4)
  9 endoplasms
  4 giant cockroaches
  5 hobgoblins
  5 quokkas
  6 bats
  2 frilled lizards
  6 goblins
  6 kobolds
  16 rats
91 creatures vanquished.

Notes
Turn   | Place    | Note
-------+----------+-------------------------------------------
     0 | D:1      | voltaire321 the Kobold Enchanter began the quest for the
                  | Orb.
     0 | D:1      | Reached XP level 1. HP: 10/10 MP: 3/3
   346 | D:1      | Reached XP level 2. HP: 15/15 MP: 5/5
   349 | D:1      | Learned a level 2 spell: Ensorcelled Hibernation
  1006 | D:1      | Reached XP level 3. HP: 20/20 MP: 6/6
  1724 | D:2      | Reached skill level 1 in Fighting
  1728 | D:2      | Learned a level 3 spell: Tukima's Dance
  1761 | D:2      | Found a bloodstained altar of Trog.
  1778 | D:2      | Reached XP level 4. HP: 22/25 MP: 4/7
  2630 | D:3      | Reached skill level 1 in Ice Magic
  2630 | D:3      | Reached XP level 5. HP: 29/29 MP: 9/9
  2982 | D:3      | Found a faded altar of an unknown god.
  3005 | D:3      | Found an ancient bone altar of Kikubaaqudgha.
  3006 | D:3      | Found a hide-covered altar of Uskayaw.
  3009 | D:3      | Found a glowing silver altar of Zin.
  3016 | D:3      | Found a hazy altar of Hepliaklqana.
  3017 | D:3      | Found an opulent altar of Gozag.
  3017 | D:3      | Found a stormy altar of Qazlal.
  3017 | D:3      | Found a shadowy altar of Dithmenos.
  3018 | D:3      | Found a broken altar of Ashenzari.
  3019 | D:3      | Found a white marble altar of Elyvilon.
  3022 | D:3      | Became a worshipper of Dithmenos the Shadowed
  3163 | D:3      | Found a glowing golden altar of the Shining One.
  3381 | D:4      | Found a staircase to the Ecumenical Temple.
  3417 | Temple   | Entered the Ecumenical Temple
  3837 | D:4      | Noticed an ogre
  3842 | D:4      | Killed an ogre
  3843 | D:4      | Reached skill level 5 in Stealth
  3843 | D:4      | Reached XP level 6. HP: 18/35 MP: 7/10
  4053 | D:4      | Found an iron altar of Okawaru.
  4053 | D:4      | Found a bloodstained altar of Trog.
  4257 | D:4      | Reached skill level 1 in Invocations
  4273 | D:4      | Noticed Sigmund
  4277 | D:4      | Killed Sigmund
  4278 | D:4      | Reached XP level 7. HP: 40/40 MP: 11/11
  5452 | D:5      | Entered Level 5 of the Dungeon
  5660 | D:5      | Reached XP level 8. HP: 45/45 MP: 13/13
  5738 | D:5      | Reached * piety under Dithmenos
  5800 | D:5      | Noticed a shadow
  5845 | D:5      | Mangled by a shadow

Illustrated notes

Levels and vault maps discovered:
D:1:      amcnicky_arrival_abandoned_market, layout_basic,
          minmay_curled_crystal, amcnicky_mini_rare_corridor_liquid, nrook_uturn
D:2:      cheibrodos_helix_gallery, layout_loops_ring, basic_altar,
          minmay_rat_gold_closets
D:3:      layout_rooms, minitemple, mainiacjoe_overflow_small_starburst,
          chequers_ecumenical_altar_island
D:4:      layout_gridville, grunt_temple_overflow_bloody_war,
          minmay_temple_entry_mist, uniq_sigmund
D:5:      layout_basic
Temple:   jpeg_temple_island

Skill      XL: |  1  2  3  4  5  6  7  8 |
---------------+-------------------------+-----
Short Blades   | 2 3 4 |  4.1
Fighting       | 1 2 3 |  3.0
Dodging        | 3 4 |  4.3
Ice Magic      | 1 2 |  2.7
Stealth        | 5 |  5.9
Spellcasting   | 3 |  3.6
Invocations    | 1 2 |  2.3
Hexes          | 4 |  4.2
Armour         | |  0.5

Action                   |  1- 3 |  4- 6 |  7- 9 || total
-------------------------+-------+-------+-------++-------
Melee: Dagger            |   115 |    61 |    87 ||   263
       Punch             |     1 |       |     1 ||     2
 Cast: Ensorcelled Hiber |     4 |    15 |     2 ||    21
  Use: Scroll            |     3 |       |     5 ||     8
       Potion            |       |       |     3 ||     3
 Stab: Sleeping          |    17 |    34 |    14 ||    65
Armor: Robe              |    15 |     8 |    12 ||    35
       Leather armour    |       |       |     1 ||     1
Dodge: Dodged            |    82 |    22 |    36 ||   140

Table legend: (Time is in decaauts)
 A = Elapsed time spent in this place.
 B = Non-inter-level travel time spent in this place.
 C = Inter-level travel time spent in this place.
 D = Time resting spent in this place.
 E = Time spent auto-exploring this place.
 F = Levels seen in this place.
 G = Mean time per level.
                   A        B        C        D        E       F      G
               +--------+--------+--------+--------+--------+-----+--------+
         Total |   5864 |   5696 |    168 |   1534 |   2966 |   6 |  977.3 |
       Dungeon |   5555 |   5397 |    158 |   1534 |   2674 |   5 | 1111.0 |
        Temple |    308 |    298 |     10 |      0 |    292 |   1 |  308.0 |
               +--------+--------+--------+--------+--------+-----+--------+

Top non-repeatable levels by time:
     D:4: 1903 daAuts
     D:2: 1454 daAuts
     D:1: 1162 daAuts
     D:3: 645 daAuts
     D:5: 389 daAuts
  Temple: 308 daAuts
